 Dungeon Crawl Stone Soup version 0.20.1-1-g8b1a95d (webtiles) character file.

76 jojo4000 the Chopper (level 4, -2/60 HPs)
             Began as a Minotaur Berserker on July 14, 2017.
             Was a Believer of Trog.
             Killed by nerve-wracking pain
             ... invoked by Grinder
              (6 damage)
             ... while paralysed by Grinder
             ... on level 3 of the Dungeon.
             The game lasted 00:10:00 (1577 turns).

jojo4000 the Chopper (Minotaur Berserker)           Turns: 1577, Time: 00:10:01

Health: -2/60      AC:  2    Str: 27    XL:     4   Next: 12%
Magic:  3/3        EV:  2    Int:  4    God:    Trog [**....]
Gold:   105        SH:  0    Dex: 10    Spells: 3/3 levels left

rFire    . . .     SeeInvis .   a - +0 hand axe
rCold    . . .     Gourm    .   (no shield)
rNeg     . . .     Faith    .   b - +0 animal skin
rPois    .         Spirit   .   (helmet restricted)
rElec    .         Reflect  .   (no cloak)
rCorr    .         Harm     .   (no gloves)
MR       .....                  (no boots)
Stlth    ..........             (no amulet)
Regen    0.2/turn               (no ring)
MPRegen  0.1/turn               (no ring)

@: paralysed, berserking (expiring)
A: retaliatory headbutt, horns 2
a: Berserk, Trog's Hand, Burn Spellbooks, Renounce Religion


You were on level 3 of the Dungeon.
You worshipped Trog.
Trog was pleased with you.
You were very hungry.

You visited 1 branch of the dungeon, and saw 3 of its levels.

You collected 105 gold pieces.

Inventory:

Hand Weapons
 a - a +0 hand axe (weapon)
Armour
 b - a +0 animal skin (worn)
Scrolls
 d - a scroll of teleportation {unknown}
 e - 2 scrolls of identify {unknown}
 g - a scroll of magic mapping {unknown}
 h - 2 scrolls of enchant armour {unknown}
 k - 2 scrolls of amnesia {unknown}
 m - a scroll of recharging {unknown}
 p - a scroll of immolation {unknown}
Potions
 f - a potion of heal wounds {unknown}
 i - a potion of invisibility {unknown}
 l - a potion of curing {unknown}
 n - 3 potions of flight {unknown}
Comestibles
 c - 2 bread rations
 j - 2 meat rations
 o - a chunk of flesh


   Skills:
 + Level 4.3 Fighting
 * Level 5.0 Axes
 + Level 2.7 Armour
 + Level 2.9 Dodging


You had 3 spell levels left.
You didn't know any spells.

Dungeon Overview and Level Annotations

Branches:
Dungeon (3/15)

Altars:
Cheibriados
Okawaru
Sif Muna

Annotations:
D:3 Grinder


Innate Abilities, Weirdness & Mutations

You reflexively headbutt those who attack you in melee.
You have a pair of horns on your head.


Message History

You are feeling very hungry.
Grinder gestures at you. Pain shoots through your body!
* * * LOW HITPOINT WARNING * * *
The kobold barely misses you. You furiously retaliate!
You headbutt the kobold!
You kill the kobold!
Trog accepts your kill.
You closely miss Grinder. You headbutt Grinder!
Grinder is severely wounded.
Grinder gestures at you.
You suddenly lose the ability to move!
Grinder gestures at you.
You shrug off the repeated paralysis!
Grinder barely misses you. The rat bites you.
* * * LOW HITPOINT WARNING * * *
Grinder blinks!
The rat bites you but does no damage. x2
The rat barely misses you. Grinder gestures at you.
Pain shoots through your body!
You die...

#.................. ....
#...............รท..
.....#...........#.#).).
.....#.........##...)...
.....#.##......''.......
........#......#........
........#...##......#...
......r......#..........
..$....@.....#..........
....#........#####......
. #....5...........###
#..).....#####.#.#
######...# #.#.# #...#
#(#.# #...# #.#(#
#...#####.# #.........#


You could see Grinder and a rat.

Vanquished Creatures
  An adder (D:2)
  A worm (D:2)
  3 leopard geckos
  2 ball pythons (D:1)
  9 bats
  5 giant cockroaches
  6 goblins
  6 hobgoblins
  A jackal (D:1)
  7 kobolds
  2 quokkas
  9 frilled lizards
  5 rats
  A plant (D:1)
58 creatures vanquished.

Notes
Turn   | Place    | Note
-------+----------+-------------------------------------------
     0 | D:1      | jojo4000 the Minotaur Berserker began the quest for the Orb.
     0 | D:1      | Reached XP level 1. HP: 19/19 MP: 0/0
   162 | D:1      | Reached XP level 2. HP: 27/27 MP: 1/1
   219 | D:1      | Reached skill level 4 in Axes
   522 | D:1      | Reached XP level 3. HP: 32/33 MP: 2/2
   708 | D:2      | Reached ** piety under Trog
  1209 | D:2      | Found an iron altar of Okawaru.
  1285 | D:2      | Found a snail-covered altar of Cheibriados.
  1405 | D:2      | Found a deep blue altar of Sif Muna.
  1470 | D:3      | Reached XP level 4. HP: 40/40 MP: 3/3
  1547 | D:3      | Reached skill level 5 in Axes
  1561 | D:3      | Noticed Grinder
  1571 | D:3      | Paralysed by Grinder for 6 turns
  1573 | D:3      | HP: 3/60 [rat (2)]
  1577 | D:3      | Killed from afar by Grinder

Skill      XL: |  1  2  3  4 |
---------------+-------------+-----
Fighting       | 4 |  4.3
Axes           | 4 5 |  5.0
Armour         | |  2.7
Dodging        | |  2.9

Action                   |  1- 3 |  4- 6 || total
-------------------------+-------+-------++-------
Melee: Hand axe          |   116 |    22 ||   138
       Headbutt          |    15 |     3 ||    18
Invok: Berserk           |       |     1 ||     1
 Stab: Sleeping          |     1 |       ||     1
  Eat: Chunk             |     2 |       ||     2
Armor: Animal skin       |    19 |     5 ||    24
Dodge: Dodged            |    58 |    11 ||    69
